 Dungeon Crawl Stone Soup version 0.26-a0-708-g17f3b190f9 (webtiles) character file.

Game seed: 13596357436595316260

240 dzarling the Conjurer (level 5, -2/28 HPs)
             Began as a Deep Elf Conjurer on Oct 29, 2020.
             Slain by Duvessa
             ... wielding a +0 short sword
              (8 damage)
             ... on level 4 of the Dungeon.
             The game lasted 00:13:04 (3257 turns).

dzarling the Conjurer (Deep Elf Conjurer)           Turns: 3257, Time: 00:13:05

Health: -2/28      AC:  4    Str:  5    XL:     5   Next: 80%
Magic:  9/13       EV: 12    Int: 23    God:
Gold:   251        SH:  0    Dex: 13    Spells: 1/12 levels left

rFire    . . .     SeeInvis .   b - +0 hunting sling
rCold    . . .     Faith    .   (no shield)
rNeg     . . .     Spirit   .   v - +0 leather armour
rPois    .         Reflect  .   r - +1 hat
rElec    .         Harm     .   (no cloak)
rCorr    .         Rampage  .   (no gloves)
MR       .....                  (no boots)
Stlth    ++........             p - amulet of magic regeneration
HPRegen  0.09/turn              (no ring)
MPRegen  0.38/turn              (no ring)

@: no status effects
A: no striking features
a: no special abilities


You were on level 4 of the Dungeon.
You visited 1 branch of the dungeon, and saw 4 of its levels.

You collected 251 gold pieces.

Inventory:

Hand Weapons
 a - a +0 dagger
 b - a +0 hunting sling (weapon)
Missiles
 i - 52 arrows
 j - 83 stones (quivered)
 m - 71 bolts
 t - 4 poisoned darts
Armour
 f - a +0 robe
 r - a +1 hat (worn)
 v - a +0 leather armour (worn)
Magical Staves
 n - an uncursed staff of death
Jewellery
 p - an amulet of magic regeneration (around neck)
Scrolls
 q - a scroll of immolation
Potions
 d - 3 potions of heal wounds
 g - a potion of brilliance
 h - a potion of haste
 o - a potion of ambrosia
 u - 2 potions of lignification


   Skills:
 + Level 3.5 Dodging
 - Level 2.4 Stealth
 + Level 4.4 Spellcasting
 - Level 6.0 Conjurations
 - Level 2.0 Hexes
 - Level 2.0 Translocations
 + Level 1.2 Evocations


You had one spell level left.
You knew the following spells:

 Your Spells              Type           Power        Failure   Level
a - Magic Dart            Conj           ####         1%          1
b - Searing Ray           Conj           ####..       2%          2
c - Iskenderun's Mystic   Conj/Tloc      ###.....     32%         4
d - Fulminant Prism       Conj/Hex       ###.......   32%         4

Your spell library contained the following spells:

 Spells                   Type           Power        Failure   Level
 Apportation              Tloc           ##....       8%          1
 Corona                   Hex            ##.....      8%          1
 Animate Skeleton         Necr           #.....       17%         1
 Summon Small Mammal      Summ           #...         17%         1
 Dazzling Flash           Conj/Hex       ###...       10%         3
 Confusing Touch          Hex            ##......     22%         3
 Gell's Gravitas          Tloc           ##........   22%         3
 Petrify                  Tmut/Erth      #.......     86%         4
 Metabolic Englaciation   Hex/Ice        #.........   97%         5
 Yara's Violent Unravell  Hex/Tmut       #.........   97%         5


Dungeon Overview and Level Annotations

Branches:
Dungeon (4/15)
 Temple: D:4-7

Altars:
Gozag

Annotations:
D:4 Duvessa


Message History

(Press . to maintain the ray.) Duvessa misses you.
Duvessa hits you with a +0 short sword.
The searing ray hits Duvessa.
Duvessa is heavily wounded.
The searing ray hits Dowan!
You kill Dowan!
Duvessa screams in rage.
Duvessa goes berserk!
Your Evocations skill increases to level 1!
Duvessa hits you with a +0 short sword!
The searing ray hits Duvessa but does no damage.
Duvessa is heavily wounded.
Duvessa hits you with a +0 short sword!
* * * LOW HITPOINT WARNING * * *
Duvessa misses you.
Your magical contamination has completely faded away.
The searing ray hits Duvessa.
Duvessa is heavily wounded.
You finish channeling your searing ray.
Duvessa hits you with a +0 short sword!
You die...

### ..# #.# #.#
#.# #@# #e# #.#
#+ ######)# ...
#......# ....
#.#....# ....[
#.#e##.#
......###....#.#
......+........#


You could see Duvessa (berserk, fast).

Vanquished Creatures
  Dowan (D:4)
  7 adders
  4 gnolls (D:2)
  An ooze (D:3)
  2 worms
  2 dart slugs (D:2)
  5 leopard geckos
  14 giant cockroaches
  9 goblins
  4 hobgoblins
  2 jackals (D:3)
  A quokka (D:2)
  10 bats
  A frilled lizard (D:2)
  6 kobolds
  7 rats
76 creatures vanquished.

Notes
Turn   | Place    | Note
-------+----------+-------------------------------------------
     0 | D:1      | dzarling the Deep Elf Conjurer began the quest for the Orb.
     0 | D:1      | Reached XP level 1. HP: 10/10 MP: 6/6
   267 | D:1      | Reached XP level 2. HP: 15/15 MP: 6/8
   527 | D:1      | Learned a level 2 spell: Searing Ray
   549 | D:1      | Reached skill level 5 in Conjurations
  1048 | D:2      | Reached XP level 3. HP: 19/19 MP: 7/10
  1320 | D:2      | Reached XP level 4. HP: 24/24 MP: 9/12
  1409 | D:2      | Learned a level 4 spell: Iskenderun's Mystic Blast
  1414 | D:2      | Learned a level 4 spell: Fulminant Prism
  1514 | D:2      | Reached skill level 1 in Hexes
  1696 | D:2      | Reached skill level 1 in Translocations
  2282 | D:3      | Reached XP level 5. HP: 28/28 MP: 9/13
  2518 | D:3      | Found an opulent altar of Gozag.
  2804 | D:3      | Reached skill level 6 in Conjurations
  3239 | D:4      | Noticed Dowan
  3239 | D:4      | Noticed Duvessa
  3255 | D:4      | Killed Dowan
  3255 | D:4      | Reached skill level 1 in Evocations
  3257 | D:4      | Slain by Duvessa

Illustrated notes

Levels and vault maps discovered:
D:1:      minmay_arrival_nine_rooms, layout_rooms, serial_corexii_hall,
          corexii_hall_statues_t, corexii_hall_statues_t,
          corexii_hall_statues_t, hangedman_abyss_or_decor_lesser_grid
D:2:      layout_basic
D:3:      minmay_roachtagon, layout_basic,
          nicolae_gozag_cash_rules_everything_around_me,
          kennysheep_generic_room_8
D:4:      kennysheep_six_static_rooms, layout_loops_corners,
          gup_ossuary_entry_pyramid, uniq_duvessa, uniq_blork_the_orc

Skill      XL: |  1  2  3  4  5 |
---------------+----------------+-----
Conjurations   | 5 6 |  6.0
Dodging        | 3 |  3.5
Spellcasting   | 4 |  4.4
Hexes          | 1 2 |  2.0
Translocations | 1 2 |  2.0
Evocations     | 1 |  1.2
Stealth        | |  2.4

Action                   |  1- 3 |  4- 6 || total
-------------------------+-------+-------++-------
Melee: Dagger            |       |     2 ||     2
 Fire: Hunting sling     |       |    26 ||    26
 Cast: Magic Dart        |    30 |    53 ||    83
       Searing Ray       |     3 |    15 ||    18
  Use: Scroll            |       |    12 ||    12
Dodge: Dodged            |     2 |    10 ||    12

Table legend: (Time is in decaauts)
 A = Elapsed time spent in this place.
 B = Non-inter-level travel time spent in this place.
 C = Inter-level travel time spent in this place.
 D = Time resting spent in this place.
 E = Time spent auto-exploring this place.
 F = Levels seen in this place.
 G = Mean time per level.
                   A        B        C        D        E       F      G
               +--------+--------+--------+--------+--------+-----+--------+
         Total |   3259 |   3185 |     74 |    330 |   2503 |   4 |  814.8 |
       Dungeon |   3259 |   3185 |     74 |    330 |   2503 |   4 |  814.8 |
               +--------+--------+--------+--------+--------+-----+--------+

Top non-repeatable levels by time:
     D:3: 1095 daAuts
     D:2: 1061 daAuts
     D:1: 987 daAuts
     D:4: 115 daAuts
